 Dungeon Crawl Stone Soup version 0.30-a0-953-g5f1da4a474 (webtiles) character file.

Game seed: 8866703138700135283

2158 NinjaNoafa the Summoner (level 9, -6/34 HPs)
             Began as a Felid Summoner on Mar 28, 2023.
             Mangled by a hornet (13 damage)
             ... on level 7 of the Dungeon.
             The game lasted 00:15:43 (6535 turns).

NinjaNoafa the Summoner (Felid Summoner)            Turns: 6535, Time: 00:15:44

Health: -6/34      AC:  2    Str:  4    XL:     9   Next: 10%
Magic:  19/21      EV: 17    Int: 20    God:
Gold:   350        SH:  0    Dex: 17    Spells: 9/22 levels left
                                        Lives:  0   Deaths: 2

rFire   . . .      SeeInvis +    (weapon unavailable)
rCold   . . .      Faith    .    (shield unavailable)
rNeg    + . .      Spirit   .    (body armour unavailable)
rPois   .          Reflect  .    (helmet unavailable)
rElec   .          Rampage  .    (cloak unavailable)
rCorr   +                        (gloves unavailable)
Will    +....                    (boots unavailable)
Stlth   ++                       s - amulet of magic regeneration
HPRegen 0.25/turn                d - ring of resist corrosion
MPRegen 0.57/turn                p - ring of positive energy

@: quick
A: very small, claws 1, fangs 3, see invisible, speed 1, shaggy fur 2, stealthy
paws, no weapons or thrown items, no armour, multi-lived
a: no special abilities


You were on level 7 of the Dungeon.
You visited 2 branches of the dungeon, and saw 8 of its levels.
You also visited: Ossuary.

You collected 350 gold pieces.

Inventory:

Jewellery
 d - a ring of resist corrosion (left paw)
 m - a ring of ice
 p - a ring of positive energy (right paw)
 s - an amulet of magic regeneration (around neck)
 A - a ring of positive energy
Wands
 u - a wand of digging (5)
 w - a wand of paralysis (19)
Scrolls
 b - 3 scrolls of amnesia
 c - a scroll of enchant armour {unknown}
 e - 2 scrolls of noise {unknown}
 f - a scroll of magic mapping {unknown}
 l - 3 scrolls of poison
 o - 4 scrolls of enchant weapon {unknown}
 t - a scroll of fear {unknown}
 y - a scroll of brand weapon {unknown}
 z - 2 scrolls of torment {unknown}
 C - a scroll of vulnerability {unknown}
 D - 2 scrolls of teleportation {unknown}
 F - 2 scrolls of immolation {unknown}
Potions
 a - 2 potions of magic
 g - 2 potions of attraction
 h - 5 potions of curing
 i - 2 potions of berserk rage {unknown}
 j - a potion of invisibility {unknown}
 k - 4 potions of mutation
 n - 2 potions of ambrosia {unknown}
 q - a potion of lignification {unknown}
 r - 2 potions of cancellation {unknown}
 v - 3 potions of heal wounds
 x - a potion of degeneration {unknown}
 B - a potion of haste {unknown}
 E - a potion of resistance {unknown}


   Skills:
 - Level 2.6 Dodging
 - Level 2.6 Stealth
 + Level 7.4 Spellcasting
 - Level 5.0 Hexes
 + Level 8.9 Summonings
 + Level 5.0 Air Magic


You had 9 spell levels left.
You knew the following spells:

 Your Spells              Type           Power      Damage    Failure   Level
a - Summon Small Mammal   Summ           100%       N/A       1%          1
b - Call Imp              Summ           43%        N/A       1%          2
c - Call Canine Familiar  Summ           43%        N/A       1%          3
d - Summon Guardian Gole  Hex/Summ       35%        N/A       1%          3
e - Summon Lightning Spi  Summ/Air       35%        N/A       4%          4

Your spell library contained the following spells:

 Spells                   Type           Power      Damage    Failure   Level
 Slow                     Hex            100%       N/A       1%          1
 Confusing Touch          Hex            27%        N/A       3%          3
 Cigotuvi's Dreadful Rot  Necr/Pois/Air  28%        N/A       7%          2
 Sandblast                Erth           14%        2d6       9%          1
 Blink                    Tloc           14%        N/A       14%         2
 Lesser Beckoning         Tloc           14%        N/A       14%         2
 Momentum Strike          Conj/Tloc      14%        3d8       14%         2
 Passwall                 Tmut/Erth      5%         N/A       14%         2
 Gell's Gravitas          Tloc           7%         N/A       26%         3
 Stone Arrow              Conj/Erth      14%        3d7       26%         3
 Teleport Other           Tloc           7%         N/A       26%         3
 Vampiric Draining        Necr           7%         2d6       26%         3
 Dispel Undead            Necr           7%         3d8       65%         4
 Death Channel            Necr           3%         N/A       100%        6


Dungeon Overview and Level Annotations

Branches:
Dungeon (7/15)             Temple (1/1) D:5         Ossuary (visited)

Altars:
Dithmenos
Elyvilon
Nemelex Xobeh
Okawaru
Ru
Sif Muna
Uskayaw
Wu Jian
Xom
Zin
The Shining One

Shops:
D:1 (   D:3 :


Innate Abilities, Weirdness & Mutations

You have sharp claws.
You have razor-sharp teeth.
You have supernaturally acute eyesight. (SInv)
You cover ground quickly. (Speed+)
You are covered in thick fur. (AC +2)
Your paws help you pounce on unaware monsters.
You are incapable of wielding weapons or throwing items.
You cannot wear armour.
You gain extra lives every three experience levels.


Message History

The bolt of electricity hits the orc!
The orc dies!
Your lightning spire disappears in a puff of smoke!
F - 2 scrolls labelled YSCHUI BOFUEPT (gained 1)
Things that are here:
a +0 mace; a +0 robe of willpower
Things that are here:
a +2 dire flail; a +0 robe
o - 4 scrolls labelled RAR PA COFACSEAF (gained 1) Key pressed, stopping explore.
You see here a +0 dagger.
Key pressed, stopping explore.
Found a stone staircase leading down.
There is a stone staircase leading down here.
A hornet comes into view.
A hornet is nearby!
A hornet is nearby!
A hornet is nearby!
The hornet buzzes angrily.
Casting: Summon Lightning Spire (quite dangerous; 4% risk of failure)
Confirm with . or Enter, or press ? or * to list all spells.
An electric hum fills the air.
The hornet barely misses you.
Casting: Summon Lightning Spire (quite dangerous; 4% risk of failure)
Confirm with . or Enter, or press ? or * to list all spells.
A guardian golem appears, shielding your allies.
The hornet stings you!
You feel yourself slow down. The hornet attacks as you move away!
The hornet stings you!
* * * LOW HITPOINT WARNING * * *
You feel as though you will be slow longer.
The hornet barely misses you. The hornet closely misses you. x2
The hornet stings you!
* * * LOW HITPOINT WARNING * * *
You are lethally poisoned!
You feel as though you will be slow longer.
You feel better.
You feel yourself speed up. The hornet stings you!
You die...

#....# #.......#
#....## #.......#
#.....# #### #.......#
#####.# #..
.........#### #.#
#.###............ #.#
##.##..........)..
#.###.................
##...#.................
#.....@................
#.##.9y........)...)...
#.##....#.#.#......)...
#.###.###.#.####.)..)..
#.# #.8##.#.# #.......
#.# ##.##.#.# #.......
#.####..#.#.####...)...
#.#.......#.##...).....
.........#.##.........


You could see a hornet (ally target) and a friendly guardian golem (summoned).

Vanquished Creatures
  2 rats
2 creatures vanquished.

Vanquished Creatures (collateral kills)
  A cyclops (D:6)
  A steam dragon (D:7)
  A water moccasin (D:5)
  A hornet zombie (D:7)
  An ogre (D:5)
  2 bullfrogs (D:6)
  8 scorpions (Ossuary)
  A wight (D:7)
  4 centaur zombies
  A jelly (D:6)
  A gnoll bouda (D:6)
  3 hounds
  2 iguanas
  4 orc wizards
  4 scorpion zombies (Ossuary)
  2 mummies (Ossuary)
  A howler monkey zombie (D:7)
  4 gnolls (D:6)
  6 adders
  A worm (D:3)
  5 dart slugs
  16 orcs
  7 ball pythons
  7 endoplasms
  2 giant cockroaches
  A gnoll zombie (Ossuary)
  7 goblins
  7 hobgoblins
  2 jackals (D:2)
  7 kobolds
  2 quokkas (D:2)
  4 bats
  A frilled lizard (D:2)
  6 goblin zombies (Ossuary)
  3 kobold zombies (Ossuary)
  3 orc zombies
  6 rats
135 creatures vanquished.

Vanquished Creatures (others)
  Menkaure (D:6)
  A black bear (D:5)
  A bullfrog (D:6)
  2 scorpions
  3 wights (D:4)
  A mummy (Ossuary)
  A white imp (D:6)
  A worm (D:5)
  An orc (D:4)
  A withered plant (D:7)
13 creatures vanquished.

Grand Total: 150 creatures vanquished

Notes
Turn   | Place    | Note
-------+----------+-------------------------------------------
     0 | D:1      | NinjaNoafa the Felid Summoner began the quest for the Orb.
     0 | D:1      | Reached XP level 1. HP: 7/7 MP: 4/4
   219 | D:1      | Reached XP level 2. HP: 11/11 MP: 3/6
   273 | D:1      | Found Jomos's Weapon Shoppe.
   277 | D:1      | Learned a level 2 spell: Call Imp
   800 | D:1      | Reached XP level 3. HP: 10/14 MP: 1/8
   804 | D:1      | Learned a level 3 spell: Call Canine Familiar
  1707 | D:3      | Reached XP level 4. HP: 18/18 MP: 6/9
  2055 | D:3      | Found a glowing silver altar of Zin.
  2056 | D:3      | Noticed an angel
  2058 | D:3      | Found a shimmering altar of Xom.
  2068 | D:3      | Found a shadowy altar of Dithmenos.
  2119 | D:3      | Found Zawoequn's Book Boutique.
  2436 | D:4      | Reached skill level 5 in Summonings
  2661 | D:4      | Learned a level 3 spell: Summon Guardian Golem
  2683 | D:4      | Reached skill level 1 in Hexes
  2683 | D:4      | Reached XP level 5. HP: 21/21 MP: 2/11
  2802 | D:4      | Gained mutation: You are covered in thick fur. (AC +2)
                  | [Felid growth]
  2802 | D:4      | Reached XP level 6. HP: 24/24 MP: 6/13
  3244 | D:5      | Entered Level 5 of the Dungeon
  3257 | D:5      | Reached skill level 6 in Summonings
  3264 | D:5      | Found a staircase to the Ecumenical Temple.
  3270 | Temple   | Entered the Ecumenical Temple
  3270 | Temple   | Found a transporter.
  3270 | Temple   | Found a transporter.
  3272 | Temple   | Found a transporter.
  3272 | Temple   | Found a transporter.
  3443 | D:5      | Found an iron altar of Okawaru.
  3488 | D:5      | Reached XP level 7. HP: 27/27 MP: 4/15
  3993 | D:5      | Reached skill level 5 in Spellcasting
  3993 | D:5      | Reached skill level 5 in Hexes
  4792 | D:6      | Noticed a cyclops
  4807 | D:6      | Hit by a large rock thrown by a cyclops
  4808 | D:6      | Reached XP level 6. HP: -5/24 MP: 14/14
  4896 | D:6      | Hit by a large rock thrown by a cyclops
  4897 | D:6      | Reached XP level 5. HP: -8/21 MP: 13/13
  4937 | D:6      | Reached skill level 7 in Summonings
  4937 | D:6      | Reached skill level 1 in Air Magic
  4937 | D:6      | Reached XP level 6. HP: 22/24 MP: 12/15
  5015 | D:6      | Found a sand-covered staircase.
  5026 | Ossuary  | Entered an ossuary
  5197 | Ossuary  | Reached XP level 7. HP: 27/27 MP: 12/16
  5559 | Ossuary  | Reached skill level 8 in Summonings
  5559 | Ossuary  | Reached XP level 8. HP: 31/31 MP: 18/18
  5586 | Ossuary  | Learned a level 4 spell: Summon Lightning Spire
  5734 | D:6      | Noticed Menkaure
  5749 | D:6      | Killed Menkaure
  5956 | D:6      | Killed a cyclops
  6420 | D:7      | Reached XP level 9. HP: 32/34 MP: 18/20
  6441 | D:7      | Reached skill level 5 in Air Magic
  6534 | D:7      | HP: 1/34 [hornet (13)]
  6535 | D:7      | Mangled by a hornet

Illustrated notes

Levels and vault maps discovered:
D:1:      dpeg_arrival_three_smaller_balls, layout_rooms, serial_shops, shop,
          patterned_corridor
D:2:      layout_loops_ring, minmay_goblin_kobold_house
D:3:      layout_basic, grunt_temple_overflow_order_and_chaos_1,
          nicolae_overflow_crystal_walls, serial_shops, shop
D:4:      layout_loops_ring
D:5:      layout_layer_cave, okawaru_ov_weapons_minmay, temple_green
D:6:      layout_rooms, enter_ossuary_3, uniq_menkaure
D:7:      minmay_the_grid_octo_2x2 [minmay_the_grid_octo_toaster,
          minmay_the_grid_octo_chip, minmay_the_grid_octo_concentric,
          minmay_the_grid_octo_prize_single_spiral], layout_basic,
          serial_undead, serial_undead_a, serial_undead_a, serial_undead_b,
          serial_undead_c, serial_undead_c, serial_undead_c
Temple:   hellmonk_temple_divided_pantheon

Skill      XL: |  1  2  3  4  5  6  7  8  9 |
---------------+----------------------------+-----
Spellcasting   | 3 4 6 7 |  7.4
Summonings     | 5 7 6 8 |  8.9
Hexes          | 1 3 4 5 |  5.0
Air Magic      | 1 2 3 4 5 |  5.0
Dodging        | |  2.6
Stealth        | |  2.6

Action                     |  1- 3 |  4- 6 |  7- 9 || total
---------------------------+-------+-------+-------++-------
  Melee: Unarmed           |     4 |       |     1 ||     5
   Cast: Summon Small Mamm |    40 |    24 |    25 ||    89
         Call Imp          |    17 |    13 |    24 ||    54
         Call Canine Famil |    13 |    21 |    22 ||    56
         Summon Guardian G |       |    12 |    12 ||    24
         Summon Lightning  |       |       |     9 ||     9
    Use: Scroll            |       |     1 |     5 ||     6
         Potion            |       |       |     1 ||     1
   Stab: Sleeping          |     1 |       |       ||     1
 Armour: Skin              |     7 |     1 |     3 ||    11
  Dodge: Dodged            |    57 |    23 |    42 ||   122

Table legend: (Time is in decaauts)
 A = Elapsed time spent in this place.
 B = Non-inter-level travel time spent in this place.
 C = Inter-level travel time spent in this place.
 D = Time resting spent in this place.
 E = Time spent auto-exploring this place.
 F = Levels seen in this place.
 G = Mean time per level.
                   A        B        C        D        E       F      G
               +--------+--------+--------+--------+--------+-----+--------+
         Total |   5501 |   5268 |    233 |    106 |   3165 |   9 |  611.2 |
       Dungeon |   4869 |   4644 |    225 |     45 |   3002 |   7 |  695.6 |
        Temple |     31 |     23 |      8 |      0 |      4 |   1 |   31.0 |
       Ossuary |    600 |    600 |      0 |     61 |    158 |   1 |  600.0 |
               +--------+--------+--------+--------+--------+-----+--------+

Top non-repeatable levels by time:
     D:5: 1283 daAuts
     D:2: 787 daAuts
     D:4: 743 daAuts
     D:6: 619 daAuts
     D:1: 612 daAuts
 Ossuary: 600 daAuts
     D:3: 574 daAuts
     D:7: 248 daAuts
  Temple: 31 daAuts
